 Dungeon Crawl Stone Soup version 0.30-a0-5-g3a90980b9d (webtiles) character file.

Game seed: 3636520404015929013

68 Lekart the Trooper (level 4, -4/60 HPs)
             Began as a Draconian Fighter on Aug 22, 2022.
             Killed from afar by an orc wizard (8 damage)
             ... with a magic dart
             ... on level 3 of the Dungeon.
             The game lasted 00:02:50 (2658 turns).

Lekart the Trooper (Draconian Fighter)              Turns: 2658, Time: 00:02:51

Health: -4/60      AC:  5    Str: 20    XL:     4   Next: 1%
Magic:  4/4        EV: 17    Int:  8    God:
Gold:   157        SH:  5    Dex: 17    Spells: 3/3 levels left

rFire   . . .      SeeInvis .    a - +0 long sword
rCold   . . .      Faith    .    b - +0 buckler
rNeg    . . .      Spirit   .    (body armour unavailable)
rPois   .          Reflect  .    (helmet restricted)
rElec   .          Harm     .    (no cloak)
rCorr   .          Rampage  .    (no gloves)
Will    .....                    (no boots)
Stlth   ..........               m - amulet of magic regeneration
HPRegen 0.20/turn                h - +6 ring of dexterity
MPRegen 0.49/turn                l - +4 ring of evasion

@: mighty, berserking, attractive, hasted, very quick
A: AC +5, unfitting armour, cold-blooded
a: no special abilities


You were on level 3 of the Dungeon.
You visited 1 branch of the dungeon, and saw 3 of its levels.

You collected 157 gold pieces.

Inventory:

Hand Weapons
 a - a +0 long sword (weapon)
Armour
 b - a +0 buckler (worn)
Jewellery
 h - a +6 ring of dexterity (left hand)
 l - a +4 ring of evasion (right hand)
 m - an amulet of magic regeneration (around neck)
Scrolls
 e - a scroll of silence {unknown}
 i - a scroll of enchant weapon {unknown}
 j - 2 scrolls of teleportation
Potions
 c - a potion of might
 d - a potion of magic
 g - a potion of haste


   Skills:
 + Level 3.7 Fighting
 + Level 3.0 Long Blades
 + Level 3.2 Dodging
 + Level 3.4 Shields


You had 3 spell levels left.
You didn't know any spells.
Your spell library contained the following spells:

 Spells                   Type           Power      Damage    Failure   Level
 Ignite Poison            Fire/Tmut/Pois 0%         N/A       86%         3
 Mephitic Cloud           Conj/Pois/Air  0%         N/A       86%         3
 Freezing Cloud           Conj/Ice/Air   0%         6-21      100%        5


Dungeon Overview and Level Annotations

Branches:
Dungeon (3/15)

Altars:

Shops:
D:1 *   D:2 (


Innate Abilities, Weirdness & Mutations

Your plain brown scales are hard. (AC +5)
You cannot fit into any form of body armour.
You are cold-blooded and may be slowed by cold attacks.


Message History

You feel agile. Something hits you but does no damage.
Deactivating autopickup; reactivate with Ctrl-A.
Things that are here:
a +0 dagger; a +0 robe You hit something.
Something hits you but does no damage.
You miss something. You tail-slap something!
You hear some strange, mumbled words.
A puff of flame appears from out of thin air!
The puff of flame misses you. Something barely misses you.
You closely miss something. Something closely misses you.
You closely miss something.
You hear some strange, mumbled words.
You are confused.
You bump into the rock wall.
Something hits you but does no damage.
You barely miss something.
You hear some strange, mumbled words.
A magic dart appears from out of thin air!
The magic dart hits you.
* * * LOW HITPOINT WARNING * * *
Something hits you.
* * * LOW HITPOINT WARNING * * *
It was a potion of attraction.
You feel attractive to monsters. Something hits you but does no damage.
Okay, then.
It was a potion of haste.
You feel yourself speed up.
You feel less confused.
You hear some strange, mumbled words.
Something tries to affect you, but you resist.
It was a potion of berserk rage.
A red film seems to cover your vision as you go berserk!
You feel yourself moving faster!
You feel mighty!
You hear some strange, mumbled words.
Something tries to affect you, but you resist.
You closely miss something.
You hear some strange, mumbled words.
A magic dart appears from out of thin air!
The magic dart hits you!
You die...

..........##.# ......
. .............#
....... ........)....#
....... .............#
....... .........###.#
....... .........#
.......... .........#
##.......
.........######)......
..........@{oo....#
....###########...#
.... ##.# ### #


You could see 2 orcs.

Vanquished Creatures
  An adder (D:2)
  2 worms (D:2)
  3 dart slugs
  2 orcs (D:3)
  3 ball pythons
  5 bats
  4 endoplasms
  A giant cockroach (D:2)
  A goblin (D:1)
  7 hobgoblins
  2 kobolds (D:2)
  2 quokkas (D:1)
  A frilled lizard (D:2)
  7 rats
41 creatures vanquished.

Vanquished Creatures (others)
  An orc wizard (D:3)
1 creature vanquished.

Grand Total: 42 creatures vanquished

Notes
Turn   | Place    | Note
-------+----------+-------------------------------------------
     0 | D:1      | Lekart the Draconian Fighter began the quest for the Orb.
     0 | D:1      | Reached XP level 1. HP: 19/19 MP: 1/1
    45 | D:1      | Found Puolei Koow's Assorted Antiques.
   378 | D:1      | Reached XP level 2. HP: 26/26 MP: 2/2
  1054 | D:2      | Found Mufag's Antique Weapon Shop.
  1356 | D:2      | Reached XP level 3. HP: 26/31 MP: 3/3
  2275 | D:2      | Found a faded altar of an unknown god.
  2647 | D:3      | Reached XP level 4. HP: 9/40 MP: 4/4
  2654 | D:3      | HP: 2/40 [something (2)]
  2658 | D:3      | Killed from afar by an orc wizard

Illustrated notes

Levels and vault maps discovered:
D:1:      noname_arrival_rooms_in_the_neighbourhood, layout_basic, serial_shops,
          shop
D:2:      minmay_general_purpose_star, layout_loops_cross, serial_shops, shop,
          ebering_ecumenical_altar_abandoned
D:3:      layout_basic, okawaru_trees_2, nicolae_ru_awakened_eye

Skill      XL: |  1  2  3 |
---------------+----------+-----
Dodging        | 3 |  3.2
Long Blades    | 3 |  3.0
Fighting       | |  3.7
Shields        | |  3.4

Action                   |  1- 3 |  4- 6 || total
-------------------------+-------+-------++-------
Melee: Long sword        |   127 |     6 ||   133
       Tailslap          |    10 |     1 ||    11
  Use: Scroll            |     4 |       ||     4
       Potion            |     4 |     3 ||     7
 Stab: Sleeping          |     2 |       ||     2
Armor: Skin              |    33 |     4 ||    37
Dodge: Dodged            |    84 |     3 ||    87
Block: Buckler           |    21 |       ||    21

Table legend: (Time is in decaauts)
 A = Elapsed time spent in this place.
 B = Non-inter-level travel time spent in this place.
 C = Inter-level travel time spent in this place.
 D = Time resting spent in this place.
 E = Time spent auto-exploring this place.
 F = Levels seen in this place.
 G = Mean time per level.
                   A        B        C        D        E       F      G
               +--------+--------+--------+--------+--------+-----+--------+
         Total |   2699 |   2666 |     33 |    127 |   2157 |   3 |  899.7 |
       Dungeon |   2699 |   2666 |     33 |    127 |   2157 |   3 |  899.7 |
               +--------+--------+--------+--------+--------+-----+--------+

Top non-repeatable levels by time:
     D:2: 1553 daAuts
     D:1: 1066 daAuts
     D:3: 80 daAuts
